 Dungeon Crawl Stone Soup version 0.24-a0-487-g57318f2ed0 (webtiles) character file.

Game seed: 7441060417745995430

31 Inquire the Magician (level 3, -1/28 HPs)
             Began as a Mummy Skald on July 10, 2019.
             Slain by a hobgoblin (2 damage)
             ... on level 2 of the Dungeon.
             The game lasted 00:02:19 (1426 turns).

Inquire the Magician (Mummy Skald)                  Turns: 1426, Time: 00:02:20

Health: -1/28      AC:  3    Str: 15    XL:     3   Next: 7%
Magic:  6/8        EV: 11    Int: 12    God:
Gold:   105        SH:  0    Dex: 11    Spells: 8/9 levels left

rFire    x . .     SeeInvis .   e - +0 quarterstaff (speed)
rCold    + . .     Gourm    .   (shield currently unavailable)
rNeg     + + +     Faith    .   f - -2 ring mail (curse)
rPois    ∞         Spirit   .   (no helmet)
rElec    .         Reflect  .   (no cloak)
rCorr    +         Harm     .   (no gloves)
MR       .....                  (no boots)
Stlth    +.........             (no amulet)
HPRegen  0.09/turn              d - ring of resist corrosion
MPRegen  0.11/turn              (no ring)

@: no status effects
A: no food or potions, fire vulnerability, cold resistance 1, negative energy
resistance 3, torment resistance, unbreathing
a: no special abilities


You were on level 2 of the Dungeon.
You were not hungry.

You visited 1 branch of the dungeon, and saw 2 of its levels.

You collected 105 gold pieces.

Inventory:

Hand Weapons
 a - a +0 mace
 e - a +0 quarterstaff of speed (weapon)
Missiles
 c - 13 poisoned darts (quivered)
Armour
 b - a +0 leather armour
 f - a cursed -2 ring mail (worn)
Jewellery
 d - a ring of resist corrosion (left hand)
 g - an uncursed ring of poison resistance


   Skills:
 + Level 2.3 Fighting
 * Level 2.2 Maces & Flails
 - Level 0.7 Armour
 - Level 1.5 Dodging
 * Level 3.5 Spellcasting
 - Level 2.4 Charms


You had 8 spell levels left.
You knew the following spells:

 Your Spells              Type           Power        Failure   Level  Hunger
a - Infusion              Chrm           #...         17%         1    N/A

Your spell library contained the following spells:

 Spells                   Type           Power        Failure   Level  Hunger
 Song of Slaying          Chrm           #.......     26%         2    N/A
 Shroud of Golubria       Chrm/Tloc      #.....       38%         2    N/A
 Spectral Weapon          Hex/Chrm       #.......     63%         3    N/A
 Regeneration             Chrm/Necr      Unusable     N/A         3    N/A

Dungeon Overview and Level Annotations

Branches:
Dungeon (2/15)

Altars:


Innate Abilities, Weirdness & Mutations

You do not eat or drink.
Your flesh is vulnerable to fire.
You are immune to poison.
Your flesh is cold resistant. (rC+)
You are immune to negative energy. (rN+++)
You are immune to unholy pain and torment.
You can survive without breathing.


Message History

The rat bites you but does no damage.
You aren't carrying any scrolls.
Unknown command.
Throwing (i - inventory)
c - 14 poisoned darts (quivered)
Press: ? - help, Shift-Dir - straight line, f/p - hobgoblin
Aim: a hobgoblin, wielding a +0 club (heavily wounded)
You throw a poisoned dart.
The poisoned dart barely misses the hobgoblin.
The hobgoblin closely misses you. The rat bites you but does no damage.
The rat bites you.
* * * LOW HITPOINT WARNING * * *
Wield which item (- for none, * to show all)? (? for menu, Esc to quit)
Your hands tingle!
e - a +0 quarterstaff of speed (weapon)
A quokka comes into view.
Unknown command.
The hobgoblin hits you but does no damage.
The frilled lizard barely misses you. The hobgoblin hits you.
You die...

######### #...g...#
#..sl...#
####...rg@.#
########..(.l...r.#
.........#...#....#
######..###.###...#
# #.....### ....# #
#.#.### ##...#
##.#..#.. .....
###.......# .#...
#...##...##


You could see a quokka, a giant cockroach, 2 hobgoblins, 2 frilled lizards and a
rat.

Vanquished Creatures
  A worm (D:2)
  2 dart slugs (D:1)
  A leopard gecko (D:1)
  5 goblins
  7 hobgoblins
  A bat (D:1)
  A frilled lizard (D:2)
  A kobold (D:2)
  3 rats (D:1)
22 creatures vanquished.

Notes
Turn   | Place    | Note
-------+----------+-------------------------------------------
     0 | D:1      | Inquire the Mummy Skald began the quest for the Orb.
     0 | D:1      | Reached XP level 1. HP: 16/16 MP: 4/4
   345 | D:1      | Reached skill level 3 in Spellcasting
   346 | D:1      | Reached XP level 2. HP: 17/22 MP: 6/6
  1391 | D:2      | Reached XP level 3. HP: 5/28 MP: 2/8
  1408 | D:2      | HP: 1/28 [hobgoblin/+0 club (3)]
  1423 | D:2      | HP: 1/28 [rat (2)]
  1426 | D:2      | Slain by a hobgoblin

Levels and vault maps discovered:
D:1:      nicolae_arrival_washed_ashore, layout_loops_ring
D:2:      layout_rooms, minmay_between, uniq_crazy_yiuf_cottage, uniq_terence

Skill      XL: |  1  2 |
---------------+-------+-----
Spellcasting   | 3 |  3.5
Maces & Flails | 2 |  2.2
Fighting       | |  2.3
Armour         | |  0.7
Dodging        | |  1.5
Charms         | |  2.4

Action                   || total
-------------------------++-------
Melee: Mace              ||    44
Throw: Dart              ||    23
 Cast: Infusion          ||     1
  Use: Scroll            ||     5
Armor: Leather armour    ||     6
       Ring mail         ||    19
Dodge: Dodged            ||    27

Table legend:
 A = Non-vault XP
 B = Vault XP
 C = Vault XP percentage of total XP
 D = Non-vault monster count
 E = Vault monster count
 F = Vault count percentage of total count
                 A         B        C        D         E       F
            +---------+---------+-------+---------+---------+-------
      Total |      45 |       0 |   0.0 |      22 |       0 |   0.0
            +---------+---------+-------+---------+---------+-------
        D:1 |      35 |       0 |   0.0 |      17 |       0 |   0.0
        D:2 |      10 |       0 |   0.0 |       5 |       0 |   0.0
            +---------+---------+-------+---------+---------+-------
